Map: Abyssal Reef LE

Players

soul - Winner!

  • Race: Terran Terran
  • Spawn Location: 11:00

BackupA (Rob)

  • Race: Protoss Protoss
  • Spawn Location: 5:00

Event: WCS Montreal 2017

VOD

Have the link to the VOD?

Description

Time

  • Played on: Sept. 8, 2017, 2:21 p.m.
  • Length: 6:19

All games in this series

Show
View Real Time Build Order
Export as new Build Order

soul Terran - Winner!

Build Orders: Liberator Opening 

Get SALT Encoding   

  12  0:00  SCV  
  13  0:12  SCV  
  14  0:17  Supply Depot  
  14  0:25  SCV  
  15  0:31  Refinery  
  15  0:39  SCV  
  16  0:45  Barracks  
  16  0:51  SCV  
  17  1:03  SCV  
  18  1:15  SCV  
  20  1:32  Reaper  
  20  1:33  Orbital Command  
  20  1:45  Command Center  
  20  1:56  Factory  
  20  1:59  SCV  
  21  2:08  Refinery  
  21  2:11  Barracks Reactor  
  21  2:12  SCV  
  22  2:18  Supply Depot  
  22  2:24  SCV  
  23  2:40  SCV  
  24  2:50  Widow Mine  
  24  2:51  Starport, Marine x2  
  25  2:53  SCV  
  25  2:56  Orbital Command  
  28  3:06  SCV  
  28  3:09  Marine x2  
  31  3:19  Cyclone  
  34  3:22  SCV  
  35  3:27  Marine x2  
  35  3:28  Medivac  
  35  3:32  SCV  
  40  3:34  SCV  
  41  3:43  Supply Depot  
  41  3:45  Marine x2, SCV  
  41  3:46  SCV  
  41  3:47  Liberator  
  45  3:57  SCV  
  46  4:04  SCV, Widow Mine  
  46  4:05  Marine x2  
  46  4:09  SCV  
  54  4:19  Supply Depot  
  54  4:25  Supply Depot  
  54  4:36  Marine x2, SCV  
  54  4:41  SCV  
  54  4:43  Barracks  
  55  4:45  Barracks  
  55  4:48  SCV  
  56  4:53  SCV  
  56  4:54  Marine x2  
  56  4:57  Engineering Bay  
  56  4:58  Supply Depot  
  59  5:00  SCV  
  59  5:05  SCV  
  61  5:12  Marine x2  
  61  5:13  SCV  
  62  5:15  Cyclone, Bunker  
  62  5:17  SCV  
  66  5:25  SCV  
  66  5:26  Missile Turret  
  67  5:29  Marine, SCV  
  59  5:37  SCV, Missile Turret  
  59  5:40  Marine  
  53  5:44  SCV  
  53  5:49  SCV  
  59  5:50  Barracks Tech Lab  
  59  5:52  Barracks Tech Lab  
  59  5:53  Marine  
  59  5:56  SCV  
  57  6:01  SCV  
  58  6:05  Missile Turret  
Show
View Real Time Build Order
Export as new Build Order

BackupA Protoss 

Build Orders: 1 Gate Expand, Dark Templar Rush 

Get SALT Encoding   

  12  0:01  Probe (Chrono Boost)  
  13  0:11  Probe (Chrono Boost)  
  14  0:18  Pylon  
  14  0:22  Probe (Chrono Boost)  
  15  0:36  Probe (Chrono Boost), Gateway  
  16  0:44  Assimilator  
  16  0:47  Probe (Chrono Boost)  
  17  0:57  Probe (Chrono Boost)  
  18  1:08  Probe (Chrono Boost)  
  20  1:18  Probe (Chrono Boost)  
  20  1:22  Nexus  
  20  1:31  Cybernetics Core  
  20  1:35  Probe (Chrono Boost)  
  21  1:42  Assimilator  
  21  1:46  Probe (Chrono Boost)  
  22  1:51  Pylon  
  22  1:56  Probe (Chrono Boost)  
  23  2:09  Mothership Core (Chrono Boost)  
  23  2:10  Adept (Chrono Boost)  
  27  2:20  Warp Gate  
  27  2:27  Probe (Chrono Boost)  
  28  2:36  Probe  
  27  2:39  Probe  
  29  2:49  Probe (Chrono Boost)  
  30  2:51  Probe (Chrono Boost)  
  31  2:58  Twilight Council  
  31  2:59  Stalker  
  31  3:01  Probe (Chrono Boost)  
  31  3:03  Probe (Chrono Boost)  
  35  3:06  Robotics Facility  
  35  3:11  Probe (Chrono Boost)  
  36  3:13  Probe (Chrono Boost)  
  37  3:22  Probe (Chrono Boost)  
  37  3:24  Probe (Chrono Boost)  
  39  3:31  Pylon  
  39  3:32  Probe (Chrono Boost)  
  40  3:35  Probe (Chrono Boost)  
  40  3:41  Dark Shrine  
  41  3:43  Probe (Chrono Boost)  
  41  3:45  Probe (Chrono Boost), Gateway  
  43  3:50  Gateway  
  43  3:52  Probe (Chrono Boost)  
  44  3:55  Probe (Chrono Boost)  
  44  3:59  Warp Prism (Chrono Boost)  
  40  4:12  Stalker (Chrono Boost)  
  39  4:18  Probe x2  
  41  4:34  Probe x2 (Chrono Boost)  
  38  4:39  Observer  
  39  4:46  Probe x2 (Chrono Boost)  
  39  4:53  Dark Templar x2  
  39  4:56  Probe x2 (Chrono Boost)  
  45  5:01  Pylon  
  45  5:02  Pylon  
  46  5:07  Probe x2 (Chrono Boost)  
  46  5:12  Stalker  
  40  5:29  Stalker x2  
  40  5:31  Probe x2 (Chrono Boost)  
  42  5:42  Probe x2 (Chrono Boost)  
  37  5:46  Stalker  
  39  5:55  Probe (Chrono Boost)  
  39  5:56  Probe (Chrono Boost)  
  39  6:06  Probe x2 (Chrono Boost)  
Tags
 
Add a new tag
Caveats
  • Supply blocks, unpowered buildings, or Contaminate may cause inaccurate times.
  • Supply counts are checked every 10 seconds.